 Dungeon Crawl Stone Soup version 0.19-a0-1193-g2641e52 (webtiles) character file.

212 Duffy the Chopper (level 5, 0/42 HPs)
             Began as a Minotaur Gladiator on Aug 19, 2016.
             Slain by an ice beast (7 damage)
             ... on level 5 of the Dungeon.
             The game lasted 00:01:11 (895 turns).

Duffy the Chopper (Minotaur Gladiator)               Turns: 895, Time: 00:01:11

Health: 0/42       AC:  7    Str: 19    XL:     5   Next: 58%
Magic:  4/4        EV: 12    Int:  5    God:
Gold:   21         SH:  0    Dex: 12    Spells: 0 memorised, 4 levels left

rFire  + . .     SeeInvis .     a - +0 war axe
rCold  . . .     Gourm    .     j - +2 ring mail {rF+}
rNeg   . . .     Faith    .     (no shield)
rPois  .         Spirit   .     c - +0 hat
rElec  .         Dismiss  .     (no cloak)
rCorr  .         Reflect  .     (no gloves)
MR     .....     Harm     .     (no boots)
Stlth  +.........               q - amulet of inaccuracy (curse)
                                (no ring)
                                (no ring)

@: no status effects
A: retaliatory headbutt, horns 2
a: no special abilities


You were on level 5 of the Dungeon.
You were not hungry.

You visited 1 branch of the dungeon, and saw 5 of its levels.

You collected 21 gold pieces.

Inventory:

Hand Weapons
 a - a +0 war axe (weapon)
Missiles
 d - 3 throwing nets (quivered)
Armour
 b - a +0 leather armour
 c - a +0 hat (worn)
 j - a +2 ring mail of fire resistance (worn)
 p - a +0 scale mail
Jewellery
 q - a cursed amulet of inaccuracy (around neck)
Scrolls
 e - a scroll of remove curse {unknown}
 h - a scroll of teleportation {unknown}
 i - 3 scrolls of identify {unknown}
Potions
 k - a potion of agility {unknown}
 m - a potion of curing {unknown}
 o - a potion of might {unknown}
Comestibles
 f - 2 bread rations
 g - a slice of pizza
 l - a meat ration
 n - a chunk of flesh


   Skills:
 - Level 2.4 Fighting
 + Level 7.7 Axes
 - Level 2.0 Throwing
 - Level 3.2 Dodging


You had 4 spell levels left.
You didn't know any spells.

Dungeon Overview and Level Annotations

Branches:
Dungeon (5/15)
 Temple: D:4-7

Altars:


Innate Abilities, Weirdness & Mutations

You reflexively headbutt those who attack you in melee.
You have a pair of horns on your head.


Message History

You are too injured to fight recklessly!
You are too injured to fight recklessly!
You are too injured to fight recklessly!
You are too injured to fight recklessly!
You closely miss the ice beast.
The ice beast is moderately wounded.
The gnoll hits you from afar with a spear.
The ice beast misses you.
You closely miss the ice beast. Your headbutt misses the ice beast.
The ice beast is moderately wounded.
The gnoll barely misses you.
The ice beast hits you but does no damage.
You miss the ice beast.
The ice beast is moderately wounded.
The gnoll hits you but does no damage. The ice beast barely misses you.
You barely miss the ice beast.
The ice beast is moderately wounded.
The gnoll hits you but does no damage. The ice beast hits you.
The ice beast freezes you!
You die...

.......########
.......ggY....#
.....!.######.#
....... #.#
....... #.#
....... #g#
....... #g#
....### #Y#
.... #@#
#########.#
#.........#
#.#########
#.......#
#######)# #.#
#.# #.#


You could see an ice beast and 2 gnolls.

Vanquished Creatures
  A sky beast (D:3)
  The ghost of Shenda the Firebug, an amateur HEFE (D:3)
  A gnoll (D:5)
  2 adders
  2 orcs (D:3)
  2 bats
  A giant cockroach (D:4)
  2 goblins (D:3)
  4 hobgoblins
  3 kobolds
  A ball python (D:3)
  A giant newt (D:1)
  2 rats (D:3)
23 creatures vanquished.

Notes
Turn   | Place    | Note
-------+----------+-------------------------------------------
     0 | D:1      | Duffy the Minotaur Gladiator began the quest for the Orb.
     0 | D:1      | Reached XP level 1. HP: 18/18 MP: 0/0
   137 | D:1      | Reached skill level 4 in Axes
   255 | D:3      | Reached XP level 2. HP: 25/25 MP: 1/1
   267 | D:3      | Noticed Shenda's ghost (amateur HEFE)
   284 | D:3      | Killed Shenda's ghost
   284 | D:3      | Reached skill level 6 in Axes
   284 | D:3      | Reached XP level 3. HP: 8/30 MP: 2/2
   284 | D:3      | Reached XP level 4. HP: 10/37 MP: 3/3
   641 | D:3      | Noticed a sky beast
   652 | D:3      | Killed a sky beast
   652 | D:3      | Reached skill level 7 in Axes
   652 | D:3      | Reached XP level 5. HP: 22/42 MP: 4/4
   832 | D:5      | Entered Level 5 of the Dungeon
   872 | D:5      | Noticed an ice beast
   895 | D:5      | Slain by an ice beast

Vault maps used:
D:1:      onia_arrival_mini_spirals, lexackson_kobold_supper
D:2:      first_bread, serial_curves, eino_curves_02, eino_curves_01
D:3:      minmay_rats_cheesy_pizza
D:5:      nemelex_altar_shiori, gup_sewer_entry_spiral, uniq_prince_ribbit1

Skill      XL: |  1  2  3  4 |
---------------+-------------+-----
Axes           | 4 6 7 |  7.7
Fighting       | |  2.4
Throwing       | |  2.0
Dodging        | |  3.2

Action                   |  1- 3 |  4- 6 || total
-------------------------+-------+-------++-------
Melee: War axe           |    19 |    36 ||    55
       Headbutt          |     2 |     6 ||     8
Armor: Leather armour    |     2 |       ||     2
       Ring mail         |     2 |    14 ||    16
Dodge: Dodged            |     9 |    27 ||    36
